Unix NetHack Version 5.0.0-0 post-release - last build Jun 10 2026 00:39:30 (3ee93aec679c4c4259841fe613dc97188e26a321,branch:main).

Game began 2026-06-10 18:30:19, ended 2026-06-10 18:47:52.

ARFwashere, lawful male dwarven Archeologist

  -----
  |..<.##########
  |...|         #  -
  |....        ## .|
  |...|        ##..+
  |...|        #@ .-
  -----         #  .
                #  ..
                #   ...
               ##    ...
                #    ---+
                #
                #
                #
                #
                #
                #

ARFwashere the Field Worker  St:12 Dx:10 Co:13 In:15 Wi:16 Ch:9  Lawful
Dlvl:8  $:1043 HP:0(34) Pw:13(13) AC:8  Xp:4 T:1948  Blind

Latest messages:
 In what direction do you want to dig? [ynjb>] y
 You start digging.
 You hit the rock with all your might.
 You make an opening in the wall.
 A trap door opens up under you!
 You fall down a shaft!
 Suddenly, the gnome disappears out of sight.
 The hobgoblin picks up a bag.
 The hobgoblin hits!
 You miss the hobgoblin.
 The hobgoblin hits!
 You hit the hobgoblin.
 The hobgoblin hits!
 You miss the hobgoblin.
 The hobgoblin hits!
 You kill the hobgoblin!
 v - a sack.
 What do you want to use or apply? [ae-iv or ?*] v
 Your sack is empty.
 The gnome is almost hit by an arrow!
 You see here a clear potion.
 w - a clear potion.
 You hear a B flat squeak in the distance.
 You see here a pick-axe.
 You swap places with the peaceful gnome.
 You hear a B flat squeak in the distance.
 You can't go up here.
 You descend the stairs.
 You climb up the stairs.
 You descend the stairs.
 You hear a door open.
 You hear a chugging sound.
 You hear a door open.
 You hit the raven!
 The raven bites!
 The raven blinds you!
 It bites!
 It bites!
 You miss it.
 It bites!
 You attack thin air.
 It bites!
 It hits!
 It hits again!
 You die...
 Do you want your possessions identified? [ynq] (y) n
 Do you want to see your attributes? [ynq] (y) y
 Do you want an account of creatures vanquished? [ynaq] (y) y
 Do you want to see your conduct and achievements? [ynq] (y) y
 Do you want to see the dungeon overview? [ynq] (y) y

Inventory:
 Coins    ('$')
  $ - 1043 gold pieces
 Amulets  ('"')
  l - a cursed amulet of change
 Weapons  (')')
  n - 12 +0 darts (at the ready)
  a - a +2 bullwhip
  e - a rusty +0 dwarvish mattock (weapon in hands)
 Armor    ('[')
  c - a blessed +0 fedora (being worn)
  p - an uncursed +0 pair of water walking boots (being worn)
  s - an uncursed +0 dwarvish cloak (being worn)
  r - a cursed -2 elven mithril-coat
  b - an uncursed +0 leather jacket (being worn)
 Comestibles  ('%')
  d - 2 uncursed food rations
 Potions  ('!')
  j - 2 uncursed potions of healing
  k - a blessed potion of object detection
  w - an uncursed potion of water
 Wands    ('/')
  i - a wand of create monster (0:14)
 Tools    ('(')
  h - an empty uncursed sack
  v - an empty uncursed sack
  f - a tinning kit (0:99)
 Gems/Stones  ('*')
  t - an uncursed fluorite stone
  g - an uncursed touchstone

ARFwashere the Archeologist's attributes:

Background:
 You were a Field Worker, a level 4 male dwarven Archeologist.
 You were lawful, nominally on a mission for Quetzalcoatl
 who was opposed by Camaxtli (neutral) and Huhetotl (chaotic).
 You were left-handed.
 You were in the Gnomish Mines, on level 8.
 You entered the dungeon 1948 turns ago.
 You had 99 experience points, 61 more were needed to attain level 5.

Basics:
 You had 0 out of 34 hit points.
 You had all 13 energy points (spell power).
 Your armor class was 8.
 Your wallet contained 1043 zorkmids.
 Autopickup was on for '$' plus thrown.

Final Characteristics:
 Your strength was 12 (limit:18/100).
 Your dexterity was 10 (limit:20).
 Your constitution was 13 (limit:20).
 Your intelligence was 15 (limit:16).
 Your wisdom was 16 (limit:16).
 Your charisma was 9 (limit:16).

Final Status:
 You were temporarily blind.
 You weren't hungry.
 You were unencumbered.
 You were wielding a mattock.
 You had basic skill with pick-axe.

Final Attributes:
 You were devoutly aligned.
 Your items were somewhat protected from fire.
 Your items were somewhat protected from cold.
 You had automatic searching.
 You had infravision.
 You could walk on water.
 You were warded.
 You were lucky.
 You are dead.

Miscellaneous:
 You didn't encounter any bones levels.
 Total elapsed playing time was 17 minutes and 32 seconds.

Major events:
 Turn
    1: ARFwashere the lawful male dwarven Archeologist entered the dungeon
  751: attained the rank of Field Worker (level 3)
 1558: entered the Gnomish Mines
 1948: killed by an ape

You didn't know any spells.

Skills:
 Fighting Skills
   bare handed combat [Unskilled]
   two weapon combat  [Unskilled]
   riding             [Unskilled]
 Weapon Skills
   dagger             [Unskilled]
   knife              [Unskilled]
   pick-axe           [Basic]
   short sword        [Unskilled]
   saber              [Unskilled]
   club               [Unskilled]
   quarterstaff       [Unskilled]
   sling              [Unskilled]
   dart               [Unskilled]
   boomerang          [Unskilled]
   whip               [Basic]
   unicorn horn       [Unskilled]
 Spellcasting Skills
   attack spells      [Unskilled]
   healing spells     [Unskilled]
   divination spells  [Unskilled]
   matter spells      [Unskilled]

Voluntary challenges:
 Character rerolling was not enabled.
 You were an atheist.
 You were illiterate.
 You never genocided any monsters.
 You never polymorphed an object.
 You never changed form.
 You used no wishes.
Achievements:
 You attained the rank of Field Worker.
 You entered the Gnomish Mines.

 The Dungeons of Doom: levels 1 to 4
    Level 1:
    Level 2:
       A fountain.
    Level 3:
    Level 4:
       Stairs down to The Gnomish Mines.
 The Gnomish Mines: levels 5 to 8
    Level 5:
    Level 7:
    Level 8: <- You were here.
       Final resting place for
          you, killed by an ape.


Vanquished creatures:
  a fog cloud
  a dwarf
  2 homunculi
 an orc zombie
 an acid blob
  a coyote
  a hobbit
  2 manes
  a large kobold
  a hobgoblin
  a cave spider
  a yellow mold
  a red mold
  4 gnomes
  2 gnome zombies
  2 geckos
  4 jackals
  4 foxes
  a kobold
  a goblin
  a sewer rat
  2 grid bugs
  2 lichens
  a kobold zombie
  5 newts
44 creatures vanquished.

No species were genocided or became extinct.

Game over:
                       ----------
                      /          \
                     /    REST    \
                    /      IN      \
                   /     PEACE      \
                  /                  \
                  |    ARFwashere    |
                  |     1043 Au      |
                  | killed by an ape |
                  |                  |
                  |                  |
                  |                  |
                  |       2026       |
                 *|     *  *  *      | *
        _________)/\\_//(\/(/\)/\//\/|_)_______

Goodbye ARFwashere the Archeologist...

You died in The Gnomish Mines on dungeon level 8 with 1695 points,
and 1043 pieces of gold, after 1948 moves.
You were level 4 with a maximum of 34 hit points when you died.

